 Dungeon Crawl Stone Soup version 0.25-a0-160-gd1d2e81aba (webtiles) character file.

Game seed: 4072300178318143676, levelgen mode: deterministic

9277 Myrm the Nimble (level 11, -11/101 HPs)
             Began as a Troll Monk on Nov 20, 2019.
             Was a High Priest of the Shining One.
             Mangled by a seven-headed hydra (14 damage)
             ... on level 10 of the Dungeon on Nov 21, 2019.
             The game lasted 01:14:35 (7473 turns).

Myrm the Nimble (Troll Monk)                        Turns: 7473, Time: 01:14:35

Health: -11/101    AC:  6    Str: 28    XL:     11   Next: 20%
Magic:  10/10      EV: 22    Int:  6    God:    the Shining One [*****.]
Gold:   353        SH:  0    Dex: 14    Spells: 10/10 levels left

rFire    + . .     SeeInvis .     - Unarmed
rCold    . . .     Gourm    +   (no shield)
rNeg     + + .     Faith    +   a - +0 robe
rPois    +         Spirit   .   (helmet restricted)
rElec    .         Reflect  .   (no cloak)
rCorr    .         Harm     .   (gloves unavailable)
MR       .....                  (boots unavailable)
Stlth    +.........             k - amulet of faith
HPRegen  0.66/turn              f - +5 ring of evasion
MPRegen  0.12/turn              s - +6 ring of strength

@: glowing
A: large, unfitting armour, claws 3, blurry vision 1, fire resistance 1, fast
metabolism 3, gourmand, poison resistance, regeneration 1, shaggy fur 1, tough
skin 3
a: Divine Shield, Cleansing Flame, Summon Divine Warrior, Renounce Religion


You were on level 10 of the Dungeon.
You worshipped the Shining One.
The Shining One was extremely pleased with you.
You were completely stuffed.

You visited 2 branches of the dungeon, and saw 11 of its levels.
You also visited: Ossuary.

You collected 353 gold pieces.

Inventory:

Armour
 a - a +0 robe (worn)
Jewellery
 f - a +5 ring of evasion (left claw)
 k - an amulet of faith (around neck)
 q - an uncursed ring of wizardry
 s - a +6 ring of strength (right claw)
 t - a +3 ring of protection
 v - an uncursed ring of protection from fire
Wands
 h - a wand of scattershot (6)
 j - a wand of paralysis (11)
 w - a wand of acid (8)
Scrolls
 g - 5 scrolls of teleportation
 m - 3 scrolls of remove curse
 n - 3 scrolls of enchant weapon
 r - a scroll of fog
Potions
 c - 3 potions of curing
 d - 2 potions of ambrosia
 e - a potion of heal wounds
 i - 7 potions of flight
 l - 3 potions of haste
 o - a potion of mutation
 p - 3 potions of magic
 x - a potion of berserk rage
Comestibles
 b - 11 rations
 u - 3 chunks of flesh


   Skills:
 + Level 4.5 Fighting
 * Level 11.4 Dodging
 - Level 2.5 Stealth
 - Level 10.1 Unarmed Combat


You had 10 spell levels left.
You didn't know any spells.
Your spell library contained the following spells:

 Spells                   Type           Power        Failure   Level  Hunger
 Corona                   Hex            #......      45%         1    ##.....
 Slow                     Hex            #.......     58%         2    ###....
 Inner Flame              Hex/Fire       #.......     83%         3    ####...
 Portal Projectile        Hex/Tloc       #.....       83%         3    ####...
 Cause Fear               Hex            #.........   99%         4    #####..
 Leda's Liquefaction      Hex/Erth       #.........   99%         4    #####..


Dungeon Overview and Level Annotations

Branches:
Dungeon (10/15)            Temple (1/1) D:5         Ossuary (visited)
   Lair: D:8-11         Orc: D:9-12

Altars:
Ashenzari
Cheibriados
Dithmenos
Elyvilon
Fedhas
Gozag
Hepliaklqana
Kikubaaqudgha
Makhleb
Nemelex Xobeh
Okawaru
Ru
Sif Muna
Trog
Uskayaw
Vehumet
Wu Jian
Xom
Zin
The Shining One

Shops:
D:4 *


Innate Abilities, Weirdness & Mutations

You are too large for most types of armour.
You have claws for hands.
Your metabolism is lightning-fast.
You like to eat raw meat.
Your natural rate of healing is unusually fast.
You are covered in fur. (AC +1)
You have extremely tough skin. (AC +3)
Scrolls take you a little longer to read.
Your flesh is heat resistant. (rF+)
Your system is resistant to poisons. (rPois)


Message History

Press: ? - help, v - describe, . - travel The floor, spattered with blood.
This square is lit by a halo.
You don't know any spells.
The seven-headed hydra bites you but does no damage.
The seven-headed hydra bites you.
* * * LOW HITPOINT WARNING * * *
The seven-headed hydra misses you. The seven-headed hydra bites you!
* * * LOW HITPOINT WARNING * * *
The seven-headed hydra closely misses you.
The seven-headed hydra misses you. x2; The big kobold misses you.
You begin reading the scroll.
You continue reading the scroll.
The seven-headed hydra bites you but does no damage.
The seven-headed hydra misses you.
The seven-headed hydra closely misses you.
The seven-headed hydra bites you.
* * * LOW HITPOINT WARNING * * *
The seven-headed hydra completely misses you.
The seven-headed hydra bites you!
You die...

#..............#
#.......†......#
#.........÷....#
#.......)).....#
#..#####.####..# ..
#PP≈.≈.≈.#..#
#P≈......#..#
#≈≈P..P..#..#
#P≈≈...D@#..#
#.≈P...K.#..#
#+###'''##..#
#).#.....#..#
#########.%'.....#..#
........##########..#
.............[......#
.........# ########.#
.........# #.#


You could see a seven-headed hydra and a big kobold.

Vanquished Creatures
  3 two-headed ogres (D:9)
  A gargoyle (D:10)
  2 hippogriffs
  2 dream sheep (D:10)
  2 wyverns
  6 yaks
  A wraith (Ossuary)
  A hungry ghost (D:9)
  Menkaure (D:5)
  Edmund (D:5)
  2 black bears
  2 ice beasts
  2 orc warriors (D:9)
  3 sky beasts
  An eye of draining (D:6)
  3 phantoms
  4 ogres
  5 centaurs
  2 big kobolds (D:10)
  Blork the orc (D:4)
  9 bullfrogs
  2 wyvern zombies
  A water moccasin zombie (D:9)
  18 killer bees
  5 wights (D:8)
  A howler monkey (D:5)
  2 crimson imps
  A hound (D:6)
  A centaur zombie (D:8)
  3 orc priests
  7 orc wizards
  A jelly (D:5)
  4 centaur skeletons
  An iguana (D:8)
  5 worker ants
  2 mummies
  A hound zombie (D:9)
  A hound skeleton (D:4)
  A worker ant zombie (D:8)
  A howler monkey skeleton (D:6)
  7 adders
  3 shadow imps
  An ooze (D:1)
  An adder zombie (D:6)
  An adder skeleton (D:10)
  4 worms
  3 dart slugs
  5 leopard geckos
  14 orcs
  7 giant cockroaches
  5 goblins
  4 hobgoblins
  10 jackals
  4 kobolds
  3 quokkas
  3 bats
  7 frilled lizards
  3 gnoll skeletons (Ossuary)
  A goblin zombie (D:4)
  A jackal skeleton (D:5)
  7 kobold skeletons (Ossuary)
  15 orc skeletons (Ossuary)
  An orc zombie (D:4)
  4 rats
226 creatures vanquished.

Notes
Turn   | Place    | Note
-------+----------+-------------------------------------------
     0 | D:1      | Myrm the Troll Monk began the quest for the Orb.
     0 | D:1      | Reached XP level 1. HP: 22/22 MP: 0/0
   177 | D:1      | Reached XP level 2. HP: 27/29 MP: 1/1
   912 | D:2      | Reached XP level 3. HP: 36/36 MP: 2/2
  1194 | D:2      | Noticed a centaur
  1207 | D:2      | Killed a centaur
  1207 | D:2      | Reached skill level 3 in Dodging
  1207 | D:2      | Reached XP level 4. HP: 23/44 MP: 3/3
  1412 | D:2      | Reached XP level 5. HP: 52/52 MP: 4/4
  1556 | D:2      | Gained mutation: Your flesh is heat resistant. (rF+)
                  | [potion of mutation]
  1556 | D:2      | Gained mutation: Scrolls take you a little longer to read.
                  | [potion of mutation]
  1556 | D:2      | Gained mutation: Your system is resistant to poisons.
                  | (rPois) [potion of mutation]
  1821 | D:3      | Found a shadowy altar of Dithmenos.
  2426 | D:4      | Found Leaghei's General Store.
  2602 | D:4      | Reached skill level 5 in Unarmed Combat
  2602 | D:4      | Reached XP level 6. HP: 59/59 MP: 5/5
  2690 | D:4      | Found a snail-covered altar of Cheibriados.
  2774 | D:4      | Found a sand-covered staircase.
  2781 | Ossuary  | Entered an ossuary
  2781 | Ossuary  | Noticed a wraith
  2781 | Ossuary  | Noticed a wraith
  2781 | Ossuary  | Noticed a wraith
  2985 | Ossuary  | Noticed a wraith
  3025 | Ossuary  | Killed a wraith
  3025 | Ossuary  | Reached skill level 4 in Dodging
  3145 | D:4      | Noticed Blork the orc
  3159 | D:4      | Killed Blork the orc
  3159 | D:4      | Reached XP level 7. HP: 57/67 MP: 6/6
  3482 | D:5      | Entered Level 5 of the Dungeon
  3504 | D:5      | Found a staircase to the Ecumenical Temple.
  3541 | Temple   | Entered the Ecumenical Temple
  3546 | Temple   | Upgraded the game from 0.25-a0-110-ge29c8f2358 to
                  | 0.25-a0-160-gd1d2e81aba
  3670 | Temple   | Became a worshipper of the Shining One
  3670 | Temple   | Reached * piety under the Shining One
  3670 | Temple   | Reached ** piety under the Shining One
  4046 | D:5      | Reached skill level 5 in Dodging
  4080 | D:5      | Noticed Edmund
  4085 | D:5      | Noticed Menkaure
  4095 | D:5      | Killed Edmund
  4125 | D:5      | Killed Menkaure
  4125 | D:5      | Reached XP level 8. HP: 42/75 MP: 7/7
  4221 | D:5      | Found an ornate altar of the Wu Jian Council.
  4221 | D:5      | Found a shattered altar of Ashenzari.
  4769 | D:6      | Reached *** piety under the Shining One
  4839 | D:6      | You fall into a shaft and drop 3 floors!
  5183 | D:6      | Found a sparkling altar of Nemelex Xobeh.
  5256 | D:7      | Reached skill level 6 in Dodging
  5504 | D:7      | Reached XP level 9. HP: 80/83 MP: 8/8
  5763 | D:8      | Reached skill level 10 in Unarmed Combat
  5863 | D:8      | Identified a scroll of acquirement
  5885 | D:8      | Got a translucent leather armour
  5889 | D:8      | Identified the +2 leather armour of Dramatic Exits {Slay+2}
                  | (You found it on level 8 of the Dungeon)
  6041 | D:8      | Reached skill level 7 in Dodging
  6063 | D:8      | Reached **** piety under the Shining One
  6275 | D:8      | Reached skill level 8 in Dodging
  6349 | D:9      | Reached XP level 10. HP: 66/92 MP: 9/9
  6407 | D:9      | Noticed a two-headed ogre
  6417 | D:9      | Killed a two-headed ogre
  6460 | D:9      | Reached skill level 9 in Dodging
  6661 | D:9      | Noticed a two-headed ogre
  6677 | D:9      | Killed a two-headed ogre
  6677 | D:9      | Reached skill level 10 in Dodging
  6751 | D:9      | Noticed a two-headed ogre
  6761 | D:9      | Killed a two-headed ogre
  7023 | D:9      | Reached ***** piety under the Shining One
  7128 | D:10     | Entered Level 10 of the Dungeon
  7249 | D:10     | Reached skill level 11 in Dodging
  7249 | D:10     | Reached XP level 11. HP: 95/101 MP: 10/10
  7458 | D:10     | Noticed a three-headed hydra
  7472 | D:10     | HP: 5/101 [seven-headed hydra (9)]
  7473 | D:10     | Mangled by a seven-headed hydra

Levels and vault maps discovered:
D:1:      ncdulo_watergridlock, layout_basic, amethyst_killhole,
          minmay_nonomino_d4
D:2:      layout_basic, chequers_serial_rivers_micro_a
D:3:      layout_rooms, first_ration, nicolae_dithmenos_shadow_blocks
D:4:      layout_basic, kennysheep_little_box, serial_shops, kennysheep_mini,
          nicolae_ossuary_entry_giza, uniq_blork_the_orc
D:5:      layout_basic, gammafunk_temple_overflow_wave, temple_pool_b,
          uniq_menkaure, uniq_edmund
D:6:      layout_basic, lemuel_doored_altar, grunt_decor_arrowhead
D:7:      layout_loops_corners, chequers_temple_overflow_statue_of_worship
D:8:      layout_rooms
D:9:      layout_roguey
D:10:     layout_long_grid, serial_shops, nicolae_shop_stone, hangedman_ranch
          [blue_anna_fruit_fields], kennysheep_generic_room_7
Temple:   eino_wide_crystal_templ

Skill      XL: |  1  2  3  4  5  6  7  8  9 10 |
---------------+-------------------------------+-----
Dodging        | 3 4 5 6 8 11 | 11.4
Unarmed Combat | 4 5 6 9 10 | 10.1
Stealth        | 2 |  2.5
Fighting       | 3 4 |  4.5

Action                   |  1- 3 |  4- 6 |  7- 9 | 10-12 || total
-------------------------+-------+-------+-------+-------++-------
Melee: Unarmed           |    66 |   177 |   218 |   147 ||   608
       Punch             |       |     4 |     7 |    14 ||    25
  Use: Scroll            |     7 |     5 |     8 |       ||    20
       Potion            |     6 |     7 |     7 |     3 ||    23
 Stab: Sleeping          |     2 |     2 |       |       ||     4
  Eat: Ration            |     3 |     3 |     4 |       ||    10
       Chunk             |       |     7 |    21 |    14 ||    42
Armor: Robe              |    29 |    34 |    41 |    20 ||   124
Dodge: Dodged            |    61 |   162 |   172 |   167 ||   562

Table legend:
 A = Non-vault XP
 B = Vault XP
 C = Vault XP percentage of total XP
 D = Non-vault monster count
 E = Vault monster count
 F = Vault count percentage of total count
                 A         B        C        D         E       F
            +---------+---------+-------+---------+---------+-------
      Total |   11551 |    1703 |  12.8 |     183 |      43 |  19.0
            +---------+---------+-------+---------+---------+-------
        D:1 |      29 |       7 |  19.4 |      12 |       4 |  25.0
        D:2 |     201 |       0 |   0.0 |      28 |       0 |   0.0
        D:3 |      15 |       0 |   0.0 |       7 |       0 |   0.0
        D:4 |     223 |     113 |  33.6 |      17 |       4 |  19.0
        D:5 |     728 |     247 |  25.3 |      15 |       2 |  11.8
        D:6 |     669 |       0 |   0.0 |      15 |       0 |   0.0
        D:7 |     743 |       0 |   0.0 |      13 |       0 |   0.0
        D:8 |    2167 |       0 |   0.0 |      33 |       0 |   0.0
        D:9 |    5439 |       0 |   0.0 |      33 |       0 |   0.0
       D:10 |    1337 |    1097 |  45.1 |      10 |       6 |  37.5
    Ossuary |       0 |     239 | 100.0 |       0 |      27 | 100.0
            +---------+---------+-------+---------+---------+-------
